 Dungeon Sprint DCSS version 0.27.1-1-g398f81649c (webtiles) character file.

Game seed: 2827260167808416008

197 styxcanada the Covert (level 5, -4/28 HPs)
             Began as a Spriggan Brigand on Sept 15, 2021.
             Was an Initiate of Gozag.
             Slain by a spriggan (7 damage)
             ... in the Dungeon (Sprint IV: "Fedhas' Mad Dash").
             The game lasted 00:01:31 (188 turns).

styxcanada the Covert (Spriggan Brigand)             Turns: 188, Time: 00:01:32

Health: -4/28      AC:  3    Str:  7    XL:     5   Next: 46%
Magic:  6/6        EV: 20    Int: 12    God:    Gozag
Gold:   169        SH:  0    Dex: 18    Spells: 4/4 levels left

rFire    . . .     SeeInvis +   a - +2 dagger
rCold    . . .     Faith    .   (shield restricted)
rNeg     . . .     Spirit   .   b - +0 robe
rPois    .         Reflect  .   (helmet restricted)
rElec    .         Harm     .   c - +0 cloak
rCorr    .         Rampage  .   (gloves unavailable)
Will     .....     NoTele   +   (boots unavailable)
Stlth    ++++++....             j - amulet of invisibility {+Inv}
HPRegen  0.09/turn              (no ring)
MPRegen  0.10/turn              (no ring)

@: very slightly contaminated, very quick
A: very small, no large weapons, unfitting armour, see invisible, speed 3
a: Renounce Religion, Evoke Invisibility, Potion Petition, Call Merchant, Bribe
Branch


You were in the Dungeon.
You worshipped Gozag.
Gozag was aware of your devotion.
You visited 1 branch You collected 169 gold pieces.

Inventory:

Hand Weapons
 a - a +2 dagger (weapon)
 l - a +0 hunting sling
Missiles
 e - a curare-tipped dart (quivered)
Armour
 b - a +0 robe (worn)
 c - a +0 cloak (worn)
Jewellery
 j - the amulet of invisibility (around neck) {+Inv}
   (You found it in the Dungeon)

   [amulet of nothing]

   +Inv:      It lets you turn invisible.
Scrolls
 k - a scroll of blinking
Potions
 f - a potion of curing
 g - a potion of heal wounds
 h - a potion of haste
 i - 2 potions of magic


   Skills:
 * Level 3.5 Fighting
 + Level 3.7 Short Blades
 + Level 2.9 Throwing
 * Level 5.1 Dodging
 * Level 14.6 Stealth
 + Level 0.7 Evocations


You had 4 spell levels left.
You didn't know any spells.
Your spell library was empty.

Dungeon Overview and Level Annotations

Branches:
Dungeon (1/1)

Altars:
Cheibriados
Dithmenos
Elyvilon
Gozag
Hepliaklqana
Kikubaaqudgha
Makhleb
Nemelex Xobeh
Okawaru
Qazlal
Ru
Sif Muna
Trog
Uskayaw
Vehumet
Wu Jian
Xom
Yredelemnul
Zin
The Shining One
Beogh
Jiyva
Lugonu


Innate Abilities, Weirdness & Mutations

You are very small and have problems with some larger weapons.
You are too small for most types of armour.
You have supernaturally acute eyesight. (SInv)
You cover ground extremely quickly. (Speed+++)


Message History

Your Dodging skill increases to level 5!
There is an open door here.
You see here a +0 hand axe.
Throw: 5 darts (poison)
Press: ? - help, Q - select action, (/) - cycle Shift-Dir - straight line, f - spriggan
Aim: a spriggan, wielding a +0 rapier and wearing a +0 robe (36% to hit)
You throw a poisoned dart. The poisoned dart hits the spriggan.
There is an open door here.
There is an open door here.
Throw: 4 darts (poison)
Press: ? - help, Q - select action, (/) - cycle Shift-Dir - straight line, f/p - spriggan
Aim: a spriggan, wielding a +0 rapier and wearing a +0 robe (36% to hit)
You throw a poisoned dart. The poisoned dart misses the spriggan.
The spriggan completely misses you.
Unknown command.
Throw: 3 darts (poison)
Press: ? - help, Q - select action, (/) - cycle Shift-Dir - straight line, f/p - spriggan
Aim: a spriggan, wielding a +0 rapier and wearing a +0 robe (36% to hit)
You throw a poisoned dart.
The poisoned dart closely misses the spriggan.
The spriggan misses you.
Throw: 2 darts (poison)
Press: ? - help, Q - select action, (/) - cycle Shift-Dir - straight line, f/p - spriggan
Aim: a spriggan, wielding a +0 rapier and wearing a +0 robe (36% to hit)
You throw a poisoned dart.
The poisoned dart closely misses the spriggan.
Throw: dart (poison)
Press: ? - help, Q - select action, (/) - cycle Shift-Dir - straight line, f/p - spriggan
Aim: a spriggan, wielding a +0 rapier and wearing a +0 robe (36% to hit)
You throw a poisoned dart.
The poisoned dart completely misses the spriggan.
The spriggan misses you.
Throw: 2 darts (curare)
Press: ? - help, Q - select action, (/) - cycle Shift-Dir - straight line, f/p - spriggan
Aim: a spriggan, wielding a +0 rapier and wearing a +0 robe (36% to hit)
You throw a curare-tipped dart.
The curare-tipped dart barely misses the spriggan.
The spriggan hits you with a +0 rapier!
You die...
Your body crumbles into a pile of gold.

#####################
#<..P#.....#.....#.⌠.
#PP.@i.....(.#.).(.$_
#PPPP#...†.#.#†..#...
###############+##.._
#._. $ $####


$$$$ $ You could see a spriggan.

Vanquished Creatures
  A scorpion (D)
  3 oklob saplings (D)
  A spriggan (D)
  A river rat (D)
  A rat (D)
7 creatures vanquished.

Notes
Turn   | Place    | Note
-------+----------+-------------------------------------------
     0 | D        | styxcanada the Spriggan Brigand began the quest for the
                  | Orb.
     0 | D        | Reached XP level 1. HP: 10/10 MP: 2/2
     9 | D        | Reached skill level 8 in Stealth
     9 | D        | Reached XP level 2. HP: 15/15 MP: 3/3
    17 | D        | Noticed an oklob sapling
    21 | D        | Killed an oklob sapling
    22 | D        | Reached skill level 10 in Stealth
    22 | D        | Reached XP level 3. HP: 18/18 MP: 4/4
    43 | D        | Noticed a scorpion
    43 | D        | Found the amulet of invisibility {+Inv}
    45 | D        | Killed a scorpion
    46 | D        | Reached skill level 12 in Stealth
    46 | D        | Reached XP level 4. HP: 23/23 MP: 5/5
    72 | D        | Found an opulent altar of Gozag.
    72 | D        | Found a hazy altar of Hepliaklqana.
    72 | D        | Found a burning altar of Makhleb.
    72 | D        | Found a sparkling altar of Nemelex Xobeh.
    72 | D        | Found a snail-covered altar of Cheibriados.
    72 | D        | Found a sacrificial altar of Ru.
    72 | D        | Found a shimmering blue altar of Sif Muna.
    72 | D        | Found a shimmering altar of Xom.
    72 | D        | Found a basalt altar of Yredelemnul.
    73 | D        | Found a viscous altar of Jiyva.
    73 | D        | Found a bloodstained altar of Trog.
    73 | D        | Found an ornate altar of the Wu Jian Council.
    74 | D        | Found an iron altar of Okawaru.
    74 | D        | Found a shadowy altar of Dithmenos.
    74 | D        | Found a glowing silver altar of Zin.
    75 | D        | Found an ancient bone altar of Kikubaaqudgha.
    75 | D        | Found a hide-covered altar of Uskayaw.
    76 | D        | Found a stormy altar of Qazlal.
    76 | D        | Found a white marble altar of Elyvilon.
    76 | D        | Found a glowing golden altar of the Shining One.
    77 | D        | Became a worshipper of Gozag Ym Sagoz the Greedy
    78 | D        | Found a corrupted altar of Lugonu.
    78 | D        | Found a radiant altar of Vehumet.
    82 | D        | Reached skill level 13 in Stealth
    82 | D        | Reached XP level 5. HP: 28/28 MP: 3/6
    94 | D        | Reached skill level 14 in Stealth
   170 | D        | Reached skill level 5 in Dodging
   188 | D        | Slain by a spriggan

Illustrated notes

Levels and vault maps discovered:
D:        dungeon_sprint_fedhas [sprint_temple]

Skill      XL: |  1  2  3  4  5 |
---------------+----------------+-----
Dodging        | 2 3 4 5 |  5.1
Stealth        | 8 10 12 13 14 | 14.6
Fighting       | 2 3 |  3.5
Short Blades   | 3 |  3.7
Throwing       | |  2.9
Evocations     | |  0.7

Action                   |  1- 3 |  4- 6 || total
-------------------------+-------+-------++-------
Melee: Dagger            |     5 |     4 ||     9
Throw: Dart              |       |     9 ||     9
 Abil: Evoke Invisibilit |       |     2 ||     2
  Use: Potion            |     1 |       ||     1
 Stab: Sleeping          |     3 |     2 ||     5
Armor: Robe              |       |     1 ||     1
Dodge: Dodged            |       |     9 ||     9
